 Dungeon Crawl Stone Soup version 0.31-a0-150-g89dc3ad700 (webtiles) character file.

Game seed: 3330015271179731564

122 qw the Shooter (level 5, -4/32 HPs)
             Began as a Gargoyle Hunter on June 8, 2023.
             Slain by a gnoll
             ... wielding a +0 flail
              (8 damage)
             ... on level 3 of the Dungeon.
             The game lasted 00:00:40 (1466 turns).

qw the Shooter (Gargoyle Hunter)                    Turns: 1466, Time: 00:00:40

Health: -4/32      AC:  9    Str: 14    XL:     5   Next: 6%
Magic:  5/5        EV: 11    Int: 10    God:
Gold:   102        SH:  0    Dex: 15    Spells: 4/4 levels left

rFire   . . .        Y - +0 shortbow
rCold   . . .        (shield currently unavailable)
rNeg    + . .        d - +0 ring mail
rPois   inf          (no helmet)
rElec   +            (no cloak)
rCorr   .            (no gloves)
SInv    .            (no boots)
Will    .....        i - amulet of the acrobat
Stlth   +            (no ring)
HPRegen 0.25/turn    (no ring)
MPRegen 0.09/turn

%: acrobat
@: no status effects
A: sickness immunity, AC +4, negative energy resistance 1, electricity
resistance, torment resistance 1, petrification resistance
a: no special abilities


You were on level 3 of the Dungeon.
You visited 1 branch of the dungeon, and saw 3 of its levels.

You collected 102 gold pieces.


Innate Abilities, Weirdness & Mutations

You are immune to sickness and miasma.
Your stone body is resilient. (AC +4)
You are immune to poison.
You resist negative energy. (rN+)
You are resistant to electric shocks. (rElec)
You are resistant to unholy torment.
You are immune to petrification.


   Skills:
 - Level 3.0 Fighting
 + Level 5.6 Ranged Weapons
 - Level 1.3 Armour
 - Level 1.5 Dodging
 - Level 1.1 Stealth


You had 4 spell levels left.
You didn't know any spells.
Your spell library was empty.

Inventory:

Hand Weapons
 Y - a +0 shortbow (weapon)
Armour
 d - a +0 ring mail (worn)
Jewellery
 e - a ring of fire
 i - an amulet of the acrobat (around neck)
Scrolls
 a - a scroll of enchant armour
Potions
 b - a potion of mutation {unknown}
 c - a potion of lignification {unknown}

Dungeon Overview and Level Annotations

Branches:
Dungeon (3/15)

Altars:
Wu Jian

Annotations:
D:3 Sigmund


Message History

The gnoll shouts!
Sigmund the Dreaded comes into view.
He is wielding a +0 scythe.
You shoot an arrow.
Sigmund shouts!
The arrow hits the gnoll!
The gnoll is heavily wounded.
A gnoll comes into view. It is wielding a +0 flail.
You shoot an arrow. The arrow hits the gnoll.
The gnoll is severely wounded.
You shoot an arrow. The arrow barely misses the gnoll.
A gnoll comes into view. It is wielding a +0 flail.
Sigmund casts a spell at you. The puff of flame hits you.
An adder comes into view.
The gnoll moves out of view.
You shoot an arrow. The adder hisses angrily.
The arrow hits the gnoll!
You kill the gnoll!
You have reached level 5!
You shoot an arrow. The gnoll shouts!
The arrow hits Sigmund!
Sigmund is moderately wounded.
Sigmund points at you and mumbles some strange words.
The puff of flame hits you!
You shoot an arrow. The arrow hits Sigmund!
Sigmund is severely wounded.
Sigmund hits you from afar with a +0 scythe!
You shoot an arrow. The arrow hits the gnoll!
The gnoll is heavily wounded.
The adder barely misses you. The gnoll hits you with a +0 flail.
Sigmund's eyes start glowing with a red light.
Sigmund hits you from afar with a +0 scythe.
The adder bites you but does no damage. The gnoll misses you.
You shoot an arrow. The arrow barely misses the gnoll.
The arrow hits the gnoll.
The gnoll is moderately wounded.
The adder closely misses you. Sigmund hits you but does no damage.
The gnoll hits you with a +0 flail!
You die...

#................#
.......#....
#.......#........#
........#....
##.....###........#
........#.... .......#
#........##.........
...>...###..............
........................
.............)..........
.................g......
................@g......
..............###S..##..
..............# @..#
..........#..... .....
........................
...###.................
#......... .......
.....#. .....##


You could see Sigmund, 2 gnolls and an adder.

Vanquished Creatures
  Jessica (D:3)
  2 gnolls (D:3)
  2 adders (D:2)
  3 worms (D:2)
  2 dart slugs
  3 ball pythons
  7 bats
  2 endoplasms
  3 giant cockroaches (D:1)
  3 hobgoblins
  3 jackals (D:3)
  6 kobolds (D:1)
  A quokka (D:1)
  A frilled lizard (D:1)
  3 goblins
  5 rats (D:2)
47 creatures vanquished.

Notes
Turn   | Place    | Note
-------+----------+-------------------------------------------
     0 | D:1      | qw the Gargoyle Hunter began the quest for the Orb.
     0 | D:1      | Reached XP level 1. HP: 12/12 MP: 1/1
     0 | D:1      | 0 ||| qw: Version: 0.2-a-119-g7aa9181
     0 | D:1      | 0 ||| qw: Game counter: 2832
     0 | D:1      | 0 ||| qw: Always use a shield: true
     0 | D:1      | 0 ||| qw: God list: Okawaru
     0 | D:1      | 0 ||| qw: Allow faded altars: false
     0 | D:1      | 0 ||| qw: Do Orc after D:15 true
     0 | D:1      | 0 ||| qw: Do second Lair branch before Depths: true
     0 | D:1      | 0 ||| qw: Lair rune preference: random
     0 | D:1      | 0 ||| qw: Plans: Normal
     0 | D:1      | 0 ||| PLANNING D:1-11
    96 | D:1      | Reached XP level 2. HP: 17/17 MP: 2/2
   528 | D:1      | Reached XP level 3. HP: 21/21 MP: 3/3
   641 | D:1      | Reached skill level 5 in Ranged Weapons
   787 | D:1      | 787 ||| UPGRADING to +0 ring mail.
   797 | D:1      | 797 ||| DROPPING +0 leather armour.
   798 | D:1      | 798 ||| UPGRADING to amulet of the acrobat.
   803 | D:1      | 803 ||| READING scroll labelled IKIGIS EVUY.
   808 | D:1      | 808 ||| READING scroll labelled GACVYTA PELOI.
   809 | D:1      | 809 ||| READING scroll labelled TIOFEI MAJEFUI.
   810 | D:1      | 810 ||| READING scroll labelled EMO GUEPAESH.
   811 | D:1      | 811 ||| DROPPING scroll of butterflies.
   937 | D:2      | Reached skill level 1 in Armour
  1013 | D:2      | Found an ornate altar of the Wu Jian Council.
  1095 | D:2      | Reached XP level 4. HP: 27/27 MP: 4/4
  1135 | D:2      | Reached skill level 3 in Fighting
  1214 | D:2      | Found a faded altar of an unknown god.
  1341 | D:2      | 1341 ||| READING scroll labelled HAEF MULEHA.
  1396 | D:3      | Noticed Jessica
  1400 | D:3      | Killed Jessica
  1458 | D:3      | Noticed Sigmund
  1463 | D:3      | Reached XP level 5. HP: 28/32 MP: 5/5
  1465 | D:3      | HP: 3/32 [Sigmund/+0 scythe (6)]
  1466 | D:3      | Slain by a gnoll

Levels and vault maps discovered:
D:1:      dpeg_arrival_radiant, layout_loops_cross, nicolae_hexahallways,
          minmay_pentomino_s2
D:2:      layout_basic, basic_altar, chequers_ecumenical_altar_island,
          minmay_misc_feat_roman, grunt_ministairs_9, corexii_leaking_fountain
D:3:      layout_basic, serial_shops, nicolae_shop_overgrown_old_shop,
          uniq_sigmund, uniq_jessica, uniq_grinder

Skill      XL: |  1  2  3  4 |
---------------+-------------+-----
Ranged Weapons | 5 |  5.6
Armour         | 1 |  1.3
Fighting       | 3 |  3.0
Dodging        | |  1.5
Stealth        | |  1.1

Action                     |  1- 3 |  4- 6 || total
---------------------------+-------+-------++-------
   Fire: Shortbow          |   113 |    54 ||   167
    Use: Scroll            |     4 |     1 ||     5
 Armour: Leather armour    |    17 |       ||    17
         Ring mail         |     1 |    14 ||    15
  Dodge: Dodged            |    26 |    20 ||    46

Table legend:
 A = Non-vault XP
 B = Vault XP
 C = Vault XP percentage of total XP
 D = Non-vault monster count
 E = Vault monster count
 F = Vault count percentage of total count
                 A         B        C        D         E       F
            +---------+---------+-------+---------+---------+-------
      Total |     134 |      41 |  23.4 |      42 |       5 |  10.6
            +---------+---------+-------+---------+---------+-------
        D:1 |      37 |       2 |   5.1 |      19 |       2 |   9.5
        D:2 |      57 |       2 |   3.4 |      14 |       2 |  12.5
        D:3 |      40 |      37 |  48.1 |       9 |       1 |  10.0
            +---------+---------+-------+---------+---------+-------
